 Dungeon Crawl Stone Soup version 0.18-a0-1624-g19ad93e (webtiles) character file.

9050 Oddball22 the Summoner (level 11, 0/84 HPs)
             Began as a Vine Stalker Summoner on Mar 24, 2016.
             Was an Elder of Sif Muna.
             Slain by a blink frog (5 damage)
             ... on level 1 of the Lair of Beasts.
             The game lasted 00:47:25 (10591 turns).

Oddball22 the Summoner (Vine Stalker Summoner)     Turns: 10591, Time: 00:47:26

Health: 0/84       AC: 25    Str: 11    XL:     11   Next: 40%
Magic:  0/22       EV:  2    Int: 18    God:    Sif Muna [****..]
Gold:   635        SH:  0    Dex: 15    Spells: 5 memorised, 5 levels left

rFire  . . .     SeeInvis .     u - +0 dagger (elec)
rCold  . . .     Gourm    .     (armour currently unavailable)
rNeg   + + +     Faith    .     (no shield)
rPois  +         Spirit   +     (helmet currently unavailable)
rElec  .         Dismiss  .     (cloak currently unavailable)
rCorr  .         Reflect  .     (gloves currently unavailable)
SustAt +         Harm     .     (boots currently unavailable)
MR     +....     NoTele   +     d - amulet of regeneration
Stlth  +++.......               h - ring of sustain attributes
                                E - ring of wizardry

@: exhausted, tree-form, slowed, very slow, somewhat resistant to hostile
enchantments, fairly stealthy
A: (fangs 0), regeneration 2, magic shield, (antimagic bite), no device heal 3,
rot immunity
a: Channel Energy, Forget Spell, Renounce Religion


You were on level 1 of the Lair of Beasts.
You worshipped Sif Muna.
Sif Muna was greatly pleased with you.
You were not hungry.
You were a tree.
You visited 3 branches of the dungeon, and saw 12 of its levels.

You collected 635 gold pieces.

Inventory:

Hand Weapons
 u - a +0 dagger of electrocution (weapon)
 F - a +0 whip of flaming
 G - a +4 quarterstaff of chaos
Armour
 a - a +0 robe (melded)
 B - a +1 pair of gloves (melded)
 C - a +2 cloak (melded)
 T - a +2 leather armour of cold resistance
Magical Staves
 S - an uncursed staff of summoning
Jewellery
 d - an amulet of regeneration (around neck)
 f - an uncursed ring of stealth
 h - a ring of sustain attributes (right branch)
 s - an uncursed ring of flight
 x - an uncursed ring of see invisible
 E - a ring of wizardry (left branch)
 M - a +4 ring of intelligence
 V - the ring "Xoah" {Ice rPois Str-4 Int+5 SInv}
   (You found it on level 1 of the Lair of Beasts)

   [ring of ice]

   It enhances your ice magic, and weakens your fire magic.
   It affects your strength (-4).
   It affects your intelligence (+5).
   It makes you vulnerable to fire.
   It protects you from cold.
   It protects you from poison.
   It lets you see invisible.
 W - a +5 ring of strength
Wands
 R - a wand of iceblast (11/15)
 U - a wand of slowing (12/48)
Scrolls
 g - 6 scrolls of identify
 o - 3 scrolls of teleportation
 y - a scroll of noise
 A - 2 scrolls of enchant armour
 D - a scroll of fog
 Q - a scroll of magic mapping {unknown}
 Y - a scroll of vulnerability {unknown}
Potions
 m - 5 potions of curing
 n - 2 potions of agility {unknown}
 q - 2 potions of cancellation {unknown}
 r - 2 potions of ambrosia {unknown}
 t - a potion of heal wounds {unknown}
 v - a potion of degeneration {unknown}
 w - a potion of magic {unknown}
 z - 4 potions of mutation {unknown}
 K - a potion of brilliance {unknown}
 L - a potion of might
 N - a potion of berserk rage
Books
 b - a book of Callings

   Spells                             Type                      Level
   a - Summon Small Mammal            Summoning                    1
   b - Call Imp                       Summoning                    2
   c - Call Canine Familiar           Summoning                    3
   d - Summon Guardian Golem          Hexes/Summoning              3
   e - Summon Lightning Spire         Summoning/Air                4
   f - Summon Ice Beast               Ice/Summoning                4
 H - a Fen Folio

   Spells                             Type                      Level
   a - Corpse Rot                     Necromancy                   2
   b - Stone Arrow                    Conjuration/Earth            3
   c - Leda's Liquefaction            Hexes/Earth                  4
   d - Summon Forest                  Summoning/Translocation      5
   e - Hydra Form                     Transmutation                6
   f - Summon Hydra                   Summoning                    7
 P - a book of Death

   Spells                             Type                      Level
   a - Corpse Rot                     Necromancy                   2
   b - Sublimation of Blood           Necromancy                   2
   c - Agony                          Necromancy                   5
   d - Dispel Undead                  Necromancy                   5
   e - Excruciating Wounds            Charms/Necromancy            5
   f - Bolt of Draining               Conjuration/Necromancy       5
Miscellaneous
 e - a plain deck of defence
 X - a disc of storms
Comestibles
 c - 7 bread rations
 i - 8 meat rations
 k - 2 slices of pizza
 p - 5 chunks of flesh
 I - 9 beef jerkies
 J - a royal jelly


   Skills:
 - Level 5.5 Fighting
 + Level 7.2 Dodging
 - Level 2.4 Stealth
 + Level 6.7 Spellcasting
 + Level 10.5 Summonings
 + Level 2.0 Translocations
 - Level 5.1 Ice Magic
 - Level 5.2 Air Magic


You had 5 spell levels left.
You knew the following spells:

 Your Spells              Type           Power        Failure   Level  Hunger
a - Summon Forest         Summ/Tloc      ####......   12%         5    #####..
b - Call Imp              Summ           #####...     1%          2    None
c - Call Canine Familiar  Summ           #####...     1%          3    ##.....
d - Summon Lightning Spi  Summ/Air       ####....     1%          4    ####...
e - Summon Ice Beast      Ice/Summ       ####....     1%          4    ####...


Dungeon Overview and Level Annotations

Branches:
Dungeon (10/15)            Temple (1/1) D:6            Lair (1/8) D:10
    Orc (0/2) D:10

Altars:
Ashenzari
Cheibriados
Dithmenos
Elyvilon
Gozag
Kikubaaqudgha
Makhleb
Okawaru
Sif Muna
Trog
Xom
Yredelemnul
Zin
The Shining One

Shops:
D:8 ?


Innate Abilities, Weirdness & Mutations

((You have razor-sharp teeth.))
You heal very quickly.
When hurt, damage is shared between your health and your magic reserves.
((Your bite disrupts and absorbs the magic of your enemies.))
Potions and wands cannot restore your health.
You are immune to rotting.


Message History

This raw flesh tastes terrible.
You feel less woody.
Your +2 cloak unmelds from your body.
Your +1 pair of gloves unmelds from your body.
Your +0 robe unmelds from your body.
You continue eating.
The blink frog hits you!
* * * LOW HITPOINT WARNING * * *
The blink frog barely misses you.
You continue eating.
The blink frog hits you!
* * * LOW HITPOINT WARNING * * *
The blink frog blinks!
Drink which item? (? for menu, Esc to quit)
You turn into a tree.
Your +2 cloak melds into your body.
Your +1 pair of gloves melds into your body.
Your +0 robe melds into your body.
Your roots penetrate the ground.
The blink frog hits you but does no damage.
The blink frog hits you.
You die...

.........#########.#
.........##.....##.P
.......†.##.....##.#
..........'.....#P.#
.........##.....##.#
.........###P.####.#
......†..#####.##..##
####....†...........#
###..#....†♣.........##
##...#.....†§F........# .
.....................# ..
#..................# ...
#..................# ...
##.......#########..# ...#
#........##P.#####..#
....###........##.....##..##
....h§................##...#


You could see a blink frog.

Vanquished Creatures
  Pikel (D:4)
  A polar bear (Lair:1)
  A blink frog (Lair:1)
  The ghost of Oddball22 the Caller, an amateur DESu (D:4)
  Sigmund (D:4)
  3 yaks (Lair:1)
  3 hippogriffs
  A porcupine (Lair:1)
  3 sky beasts
  A slave (D:4)
  A phantom (D:4)
  3 ogres
  2 orc warriors
  5 centaurs
  A big kobold (D:8)
  7 giant frogs
  2 scorpions
  3 killer bees
  3 wights
  An electric eel (D:10)
  2 howler monkeys
  3 crimson imps
  2 giant frog skeletons
  2 orc priests
  Crazy Yiuf (D:4)
  2 centaur skeletons
  2 hounds
  4 jellies
  7 orc wizards
  An iguana (D:6)
  Natasha (thrice) (D:3)
  2 hell rats (D:8)
  2 worker ants
  A killer bee zombie (D:6)
  3 hound skeletons
  A worker ant zombie (D:8)
  2 gnolls (D:5)
  13 adders
  4 river rats (D:8)
  A shadow imp (D:10)
  A giant eyeball (shapeshifter) (D:10)
  An ooze (D:3)
  2 adder zombies
  A dart slug (D:4)
  6 giant geckos
  11 orcs
  6 bats
  4 giant cockroaches
  6 goblins
  5 hobgoblins
  4 jackals
  5 quokkas
  3 ball pythons
  7 giant newts
  9 kobolds
  A quokka skeleton (D:4)
  23 rats
  2 plants (D:10)
199 creatures vanquished.

Vanquished Creatures (collateral kills)
  A hydra (D:9)
  A hill giant (D:10)
  Joseph (D:7)
  A spiny frog (Lair:1)
  2 polar bears (Lair:1)
  A troll (D:9)
  Grinder (D:4)
  2 blink frogs (Lair:1)
  2 yaks (Lair:1)
  A wyvern (D:8)
  A hippogriff (D:9)
  Duvessa (D:7)
  2 orc warriors (D:10)
  3 water moccasins (Lair:1)
  An ice beast (D:7)
  A slave (D:4)
  A sky beast (D:10)
  5 ogres
  An eye of draining (D:9)
  A black bear (D:10)
  A phantom (D:9)
  2 centaurs
  A giant frog (D:10)
  A wyvern skeleton (D:7)
  14 killer bees
  A scorpion (D:7)
  Dowan (D:7)
  9 wights
  4 howler monkeys
  3 crimson imps
  2 jellies (D:8)
  A quasit (D:6)
  A centaur zombie (D:7)
  3 orc priests
  7 orc wizards
  3 iguanas
  3 worker ants
  A howler monkey skeleton (D:8)
  2 gnolls (D:5)
  3 river rats
  4 adders
  A dart slug (D:4)
  20 orcs
  A giant cockroach (D:4)
  2 hobgoblins (D:1)
  2 kobolds
  A giant gecko skeleton (D:7)
  A giant newt (D:2)
  A goblin (D:3)
  6 rats (D:8)
  A plant (D:10)
133 creatures vanquished.

Vanquished Creatures (others)
  A slave (D:4)
  An adder (D:4)
  A plant (D:10)
3 creatures vanquished.

Grand Total: 335 creatures vanquished

Notes
Turn   | Place    | Note
--------------------------------------------------------------
     0 | D:1      | Oddball22 the Vine Stalker Summoner began the quest for the Orb.
     0 | D:1      | Reached XP level 1. HP: 9/9 MP: 4/4
   247 | D:1      | Reached skill level 1 in Fighting
   410 | D:1      | Reached XP level 2. HP: 11/14 MP: 4/6
   935 | D:2      | Reached XP level 3. HP: 2/18 MP: 1/7
  1969 | D:3      | Reached XP level 4. HP: 18/23 MP: 6/8
  2174 | D:3      | Learned a level 2 spell: Call Imp
  2178 | D:3      | Learned a level 3 spell: Call Canine Familiar
  2309 | D:3      | Noticed Natasha
  2310 | D:3      | Found a basalt altar of Yredelemnul.
  2313 | D:3      | Killed Natasha
  2313 | D:3      | Reached XP level 5. HP: 26/28 MP: 6/10
  2448 | D:3      | Noticed Natasha
  2452 | D:3      | Killed Natasha
  2459 | D:3      | Found a glowing golden altar of the Shining One.
  2536 | D:3      | Noticed Natasha
  2542 | D:3      | Killed Natasha
  2561 | D:4      | Gained mutation: You heal very quickly. [Vine Stalker growth]
  2561 | D:4      | Reached XP level 6. HP: 29/32 MP: 9/11
  2610 | D:4      | Noticed a phantom
  2622 | D:4      | Killed a phantom
  2647 | D:4      | Noticed Oddball22's ghost (amateur DESu)
  2723 | D:4      | Killed Oddball22's ghost
  2723 | D:4      | Reached XP level 7. HP: 34/38 MP: 5/13
  2985 | D:4      | Noticed Sigmund
  3006 | D:4      | Killed Sigmund
  3006 | D:4      | Reached skill level 5 in Fighting
  3017 | D:4      | Noticed Grinder
  3050 | D:4      | Killed Grinder
  3315 | D:4      | Noticed Pikel
  3332 | D:4      | Killed Pikel
  3332 | D:4      | Reached skill level 5 in Spellcasting
  3332 | D:4      | Reached skill level 5 in Summonings
  3332 | D:4      | Gained mutation: You have razor-sharp teeth. [Vine Stalker growth]
  3332 | D:4      | Reached XP level 8. HP: 11/44 MP: 4/16
  3490 | D:4      | Found a white marble altar of Elyvilon.
  3491 | D:4      | Found a shadowy altar of Dithmenos.
  3633 | D:4      | Noticed Crazy Yiuf
  3646 | D:4      | Killed Crazy Yiuf
  3899 | D:4      | Found a shimmering altar of Xom.
  3900 | D:4      | Found an ancient bone altar of Kikubaaqudgha.
  3936 | D:5      | Entered Level 5 of the Dungeon
  4035 | D:5      | Found a snail-covered altar of Cheibriados.
  4037 | D:5      | Found a burning altar of Makhleb.
  4139 | D:5      | Learned a level 4 spell: Summon Lightning Spire
  4144 | D:5      | Learned a level 4 spell: Summon Ice Beast
  4148 | D:5      | Learned a level 3 spell: Summon Guardian Golem
  4212 | D:4      | Reached skill level 6 in Summonings
  4381 | D:5      | Reached XP level 9. HP: 47/47 MP: 11/18
  4422 | D:5      | Reached skill level 1 in Ice Magic
  4465 | D:5      | Reached skill level 1 in Air Magic
  4480 | D:5      | Reached skill level 5 in Dodging
  4903 | D:6      | Found a staircase to the Ecumenical Temple.
  4916 | Temple   | Entered the Ecumenical Temple
  4934 | Temple   | Became a worshipper of Sif Muna the Loreminder
  5436 | D:6      | Reached skill level 7 in Summonings
  5621 | D:7      | Noticed Dowan
  5623 | D:7      | Noticed Duvessa
  5698 | D:7      | Noticed Joseph
  5720 | D:7      | Killed Joseph
  5749 | D:7      | Killed Dowan
  5768 | D:7      | Killed Duvessa
  5831 | D:7      | Reached * piety under Sif Muna
  6554 | D:8      | Reached skill level 8 in Summonings
  6585 | D:8      | Reached XP level 10. HP: 41/51 MP: 19/19
  6854 | D:8      | Found Zubemmu's Magic Scroll Shop.
  6902 | D:8      | Reached ** piety under Sif Muna
  7881 | D:9      | Got a bronze ring mail
  7953 | D:9      | Reached skill level 9 in Summonings
  8436 | D:9      | Identified the cursed +0 ring mail "Kutiryr" {MR- Int+6 Dex+4} (You found it on level 9 of the Dungeon)
  8601 | D:9      | Reached *** piety under Sif Muna
  9077 | D:9      | Noticed a six-headed hydra
  9085 | D:9      | Killed a six-headed hydra
  9085 | D:9      | Reached skill level 5 in Ice Magic
  9085 | D:9      | Reached skill level 5 in Air Magic
  9228 | D:10     | Entered Level 10 of the Dungeon
  9292 | D:10     | Found a staircase to the Lair.
  9341 | Lair:1   | Entered Level 1 of the Lair of Beasts
  9352 | Lair:1   | Got a glittering brass ring
  9353 | Lair:1   | Identified the ring "Xoah" {Ice rPois Str-4 Int+5 SInv} (You found it on level 1 of the Lair of Beasts)
  9421 | Lair:1   | Noticed a spiny frog
  9433 | Lair:1   | Killed a spiny frog
  9510 | D:10     | Reached XP level 11. HP: 28/56 MP: 3/20
  9584 | D:10     | Noticed a hill giant
  9599 | D:10     | Killed a hill giant
  9599 | D:10     | Reached skill level 10 in Summonings
 10201 | D:10     | Reached **** piety under Sif Muna
 10377 | D:10     | Found a staircase to the Orcish Mines.
 10400 | D:10     | Learned a level 5 spell: Summon Forest
 10539 | Lair:1   | Reached skill level 1 in Translocations
 10590 | Lair:1   | HP: 2/56 [blink frog (8)]
 10591 | Lair:1   | Slain by a blink frog

Vault maps used:
D:1:      scummos_arrival_simple_crosswalls
D:3:      lemuel_crystal_altar, tso_oasis_becter, uniq_natasha
D:4:      nicolae_overflow_hidden_temple, kennysheep_small_square, uniq_sigmund,
          uniq_grinder, uniq_crazy_yiuf_cottage, uniq_pikel
D:5:      minitemple, first_bread
D:6:      minmay_temple_entry_glassed_door
D:7:      uniq_joseph, uniq_duvessa
D:8:      lemuel_ratsnest, serial_shops,
          nicolae_shop_temple_entry_statues_fountains, grunt_ogre_cave
D:10:     dpeg_oklobed_lair, erik_orc_2, minmay_misc_feat_diagonals,
          amalloy_card_club
Temple:   eino_temple_water_12
Lair:1:   beast_lair_carwin_large_4, serial_bayou_shore_a, serial_bayou_shore_b

Skill      XL: |  1  2  3  4  5  6  7  8  9 10 11 |
---------------+----------------------------------+-----
Fighting       | 1 2 3 4 5 |  5.5
Dodging        | 2 3 4 5 6 7 |  7.2
Spellcasting   | 3 5 6 |  6.7
Summonings     | 5 6 8 9 10 | 10.5
Ice Magic      | 3 5 |  5.1
Air Magic      | 3 5 |  5.2
Translocations | 2 |  2.0
Stealth        | |  2.4

Action                   |  1- 3 |  4- 6 |  7- 9 | 10-12 || total
-------------------------+-------+-------+-------+-------++-------
Melee: Club              |    97 |       |       |       ||    97
       Unarmed           |     7 |       |       |       ||     7
       Hand axe          |    30 |    27 |       |       ||    57
       Dagger            |       |    65 |   252 |   281 ||   598
       Quarterstaff      |       |       |    10 |    67 ||    77
       Whip              |       |       |    10 |       ||    10
       Staff             |       |       |       |    32 ||    32
 Cast: Summon Small Mamm |     8 |     3 |       |       ||    11
       Call Canine Famil |       |     8 |    32 |    30 ||    70
       Summon Lightning  |       |       |    14 |    36 ||    50
       Summon Ice Beast  |       |       |     1 |    18 ||    19
  Use: Potion            |       |     1 |       |     5 ||     6
       Scroll            |       |       |     2 |    16 ||    18
 Stab: Sleeping          |     7 |     4 |    16 |     2 ||    29
       Distracted        |       |     3 |     1 |     1 ||     5
       Paralysed         |       |       |       |     2 ||     2
  Eat: Chunk             |     4 |     2 |    18 |    23 ||    47
       Royal jelly       |       |       |       |     1 ||     1
